 Dungeon Crawl Stone Soup version 0.31-a0-557-g6e16503903 (webtiles) character file.

Game seed: 6949818412854071922

26373 croobank the Spear-Bearer (level 12, 0/92 HPs)
             Began as a Demonspawn Fire Elementalist on Aug 15, 2023.
             Was an Initiate of Gozag.
             Slain by an elephant (12 damage)
             ... on level 1 of the Lair of Beasts on Aug 16, 2023.
             The game lasted 02:05:39 (19354 turns).

croobank the Spear-Bearer (DsFE)                   Turns: 19354, Time: 02:05:40

Health: 0/92       AC: 10    Str: 15    XL:     12   Next: 97%
Magic:  4/23       EV: 13    Int: 22    God:    Gozag
Gold:   1456       SH:  5    Dex: 13    Spells: 8/26 levels left

rFire   . . .        P - +5 dagger
rCold   + . .        G - +0 buckler
rNeg    . . .        b - +1 leather armour {rC+}
rPois   +            M - +1 helmet
rElec   .            w - +1 cloak
rCorr   .            (no gloves)
SInv    .            (no boots)
Will    .....        q - amulet of the acrobat
Stlth   +++          o - ring of poison resistance
HPRegen 0.35/turn    t - +6 ring of strength
MPRegen 0.18/turn

%: acrobat
@: mighty, gold aura, invisible
A: powered by death 1, sharp scales 2, demonic magic 1, demonic touch 1
a: Renounce Religion, Potion Petition, Call Merchant, Bribe Branch


You were on level 1 of the Lair of Beasts.
You worshipped Gozag.
Gozag was most pleased with you.
You visited 3 branches of the dungeon, and saw 16 of its levels.

You collected 2469 gold pieces.
You paid 1013 gold pieces to Gozag.

Inventory:

Hand Weapons
 d - the +2 demon trident of Xiqeymof {pain, rN+ Str+2}
   (You acquired it on level 3 of the Dungeon)

   Str+2:     It affects your strength (+2).
   rN+:       It protects you from negative energy.
 g - a +0 short sword of flaming
 j - a +1 scimitar
 D - a +2 vampiric trident
 E - a +4 morningstar
 P - a +5 dagger (weapon)
 Q - a +2 short sword of freezing
 X - a +0 broad axe
Missiles
 e - 5 datura-tipped darts
 k - 3 atropa-tipped darts
 l - 6 javelins
 y - 29 poisoned darts
 B - 3 throwing nets (quivered)
 C - 11 boomerangs
Armour
 b - a +1 leather armour of cold resistance (worn)
 w - a +1 cloak (worn)
 F - a +1 robe of fire resistance
 G - a +0 buckler (worn)
 H - a +0 kite shield
 M - a +1 helmet (worn)
 S - the +1 pair of boots "Ipin" {rElec rPois Will- Dex-4}
   (You found it on level 9 of the Dungeon)

   Dex-4:     It affects your dexterity (-4).
   rElec:     It insulates you from electricity.
   rPois:     It protects you from poison Will-: It decreases your willpower.
Jewellery
 o - a ring of poison resistance (left hand)
 q - an amulet of the acrobat (around neck)
 t - a +6 ring of strength (right hand)
 J - a +6 ring of dexterity
 W - a ring of see invisible
Talismans
 a - a blade talisman
 c - a maw talisman
 p - a flux talisman
 v - a beast talisman
Wands
 h - a wand of paralysis (13)
 n - a wand of flame (4)
 u - a wand of polymorph (17)
 V - a wand of iceblast (4)
 Y - a wand of quicksilver (4)
Scrolls
 m - 4 scrolls of teleportation
 I - a scroll of amnesia
 K - 2 scrolls of poison
 L - 5 scrolls of identify
 N - a scroll of enchant weapon
 R - a scroll of immolation
 U - a scroll of enchant armour
 Z - a scroll of silence
Potions
 f - a potion of lignification {unknown}
 i - 2 potions of resistance
 r - 3 potions of curing
 s - 3 potions of cancellation
 x - a potion of invisibility
 z - 2 potions of attraction
 A - 3 potions of haste
 O - 2 potions of enlightenment
 T - 2 potions of mutation


   Skills:
 * Level 7.9 Fighting
 + Level 8.3 Polearms
 + Level 5.8 Dodging
 + Level 6.1 Stealth
 + Level 4.0 Shields
 * Level 7.8 Spellcasting
 * Level 8.3 Conjurations
 + Level 5.2 Hexes
 * Level 8.0 Fire Magic
 + Level 3.9 Shapeshifting


You had 8 spell levels left.
You knew the following spells:

 Your Spells              Type           Power      Damage    Failure   Level
a - Foxfire               Conj/Fire      100%       2x1d9     1%          1
b - Scorch                Fire           88%        2d8       1%          2
c - Inner Flame           Hex/Fire       37%        N/A       2%          3
d - Flame Wave            Conj/Fire      44%        2d11      4%          4
e - Mephitic Cloud        Conj/Pois/Air  20%        N/A       12%         3
f - Stone Arrow           Conj/Erth      52%        3d10      7%          3
g - Poisonous Vapours     Pois/Air       16%        N/A       19%         2

Your spell library contained the following spells:

 Spells                   Type           Power      Damage    Failure   Level
 Dazzling Flash           Conj/Hex       76%        N/A       2%          3
 Volatile Blastmotes      Fire/Tloc      52%        2d14      7%          3
 Necrotise                Necr           32%        1d5       12%         1
 Lesser Beckoning         Tloc           16%        N/A       19%         2
 Gell's Gravitas          Tloc           8%         N/A       36%         3
 Teleport Other           Tloc           8%         N/A       36%         3
 Vampiric Draining        Necr           8%         2d6       36%         3
 Starburst                Conj/Fire      22%        6d7       54%         6
 Freezing Cloud           Conj/Ice/Air   10%        6-21      73%         5
 Silence                  Hex/Air        10%        N/A       75%         5
 Animate Armour           Summ/Erth      16%        N/A       77%         4
 Agony                    Necr           8%         N/A       98%         5
 Plasma Beam              Fire/Air       13%        2x1d24    98%         6
 Lehudib's Crystal Spear  Conj/Erth      13%        10d4      100%        8


Dungeon Overview and Level Annotations

Branches:
Dungeon (13/15)            Temple (1/1) D:7            Lair (2/5) D:11
  Swamp (0/4) Lair:2          Orc (0/2) D:9          Vaults (0/5) D:13
  Snake: Lair:2-3    Spider: Lair:2-3

Altars:
Ashenzari
Cheibriados
Dithmenos
Fedhas
Gozag
Hepliaklqana
Kikubaaqudgha
Makhleb
Nemelex Xobeh
Okawaru
Qazlal
Ru
Sif Muna
Trog
Uskayaw
Vehumet
Wu Jian
Xom
Yredelemnul

Portals:
Trove: D:10 (give +6 demon blade)

Annotations:
D:10 2 transporters, Ofeo's ghost, journeyman GnSh
D:12 2 transporters, exclusion: downstairs, Lait Gas's ghost, journeyman MiFi
D:13 !circle of death, Urug


Innate Abilities, Weirdness & Mutations

You regenerate a little health from kills.
You are mostly covered in razor-sharp scales. (AC +2, Slay +2)
Spells you cast may paralyse adjacent enemies.
Your touch may inflict minor irresistible damage on your foes.


Message History

The elephant is severely wounded.
The elephant tramples you!
You stumble backwards!
Found 10 gold pieces.
You hit the elephant.
The elephant is severely wounded.
The elephant is no longer more vulnerable to fire.
The elephant misses you. The elephant trunk-slaps you.
You hit the elephant but do no damage.
The elephant is severely wounded.
The elephant tramples you!
* * * LOW HITPOINT WARNING * * *
You stumble backwards!
Casting: Scorch (safe; 1% risk of failure)
Confirm with . or Enter, or press ? or * to list all spells.
Flames lash the elephant.
The elephant is almost dead.
The elephant's fire resistance burns away.
Malevolent energies surge around you. The elephant misses you.
The elephant closely misses you.
Casting: Scorch (safe; 1% risk of failure)
Confirm with . or Enter, or press ? or * to list all spells.
Flames lash the yak.
The yak is heavily wounded.
The yak's fire resistance burns away.
Malevolent energies surge around you. The elephant tramples you!
* * * LOW HITPOINT WARNING * * *
You stumble backwards!
You hit the elephant.
The elephant is almost dead.
The elephant barely misses you. x2; The yak completely misses you.
Okay, then.
Okay, then. [a] - 224 gold - might and brilliance [b] - 324 gold - invisibility and might [c] - 609 gold - heal wounds, resistance, might and haste Purchase which effect?
You fade into invisibility!
You feel very mighty all of a sudden.
The elephant is no longer more vulnerable to fire.
The elephant tramples you!
You die...
Your body crumbles into a pile of gold.

........#.....#
........#.....#.
...............# .
#.....#.....#.. ...
#...$#..... .#
....#....#... .#
.........#.#####.#
#..@Y...$....##
........Y.P##$#...#
.#
#######...####...##
.# ##..# ##..# .+
#..# #..## .# #..#
##...# .# #. #..#
#...## .#....#
##..#####...#
.#..#.#
#P.........##


You could see an elephant (unable to see you) and a yak (unable to see you,
combustible).

Vanquished Creatures
  An eleionoma (Lair:2)
  A hydra (D:12)
  Harold (D:9)
  A boulder beetle (D:9)
  4 two-headed ogres
  A cyclops (D:12)
  A manticore (D:12)
  Maurice (D:8)
  An eye of devastation (shapeshifter) (D:10)
  2 black mambas
  An unseen horror (D:12)
  2 cane toads (Lair:2)
  3 komodo dragons (Lair:2)
  A tengu conjurer (D:9)
  2 hornets
  8 trolls
  The ghost of wormstring the Mimic, a novice FeSh (D:6)
  10 slime creatures
  A water elemental (D:11)
  Sigmund (D:3)
  24 yaks
  2 shadows
  3 wraiths
  8 wyverns
  Eustachio (D:6)
  4 basilisks
  A wyvern (shapeshifter) (D:10)
  3 vampire mosquitoes
  A steam dragon (D:6)
  2 acid dragons
  11 water moccasins
  2 ice beasts
  5 orc warriors
  A sky beast (D:7)
  A boggart (D:9)
  An ogre (D:6)
  2 centaurs
  Blork the orc (D:6)
  2 kobold brigands (D:9)
  10 bullfrogs
  4 gnoll sergeants
  2 scorpions (D:5)
  18 wights
  14 killer bees
  A howler monkey (D:12)
  10 electric eels
  5 hounds
  3 gnoll boudas
  4 orc priests
  13 orc wizards
  27 gnolls
  7 adders
  2 white imps
  A worm (D:2)
  4 dart slugs
  33 orcs
  3 ball pythons
  3 bats
  4 endoplasms
  4 giant cockroaches
  8 goblins
  2 hobgoblins
  5 quokkas
  5 frilled lizards
  9 kobolds
  4 rats (D:2)
324 creatures vanquished.

Vanquished Creatures (collateral kills)
  9 foxfires
9 creatures vanquished.

Vanquished Creatures (others)
  430 foxfires
430 creatures vanquished.

Grand Total: 763 creatures vanquished

Notes
Turn   | Place    | Note
-------+----------+-------------------------------------------
     0 | D:1      | croobank the Demonspawn Fire Elementalist began the quest
                  | for the Orb.
     0 | D:1      | Reached XP level 1. HP: 13/13 MP: 3/3
   335 | D:1      | Gained mutation: Spells you cast may paralyse adjacent
                  | enemies. [demonic ancestry]
   335 | D:1      | Reached XP level 2. HP: 6/19 MP: 5/5
   393 | D:1      | Learned a level 2 spell: Scorch
  1449 | D:2      | Reached XP level 3. HP: 24/24 MP: 3/6
  2600 | D:3      | Noticed Sigmund
  2931 | D:3      | Killed Sigmund
  2932 | D:3      | Reached XP level 4. HP: 9/30 MP: 2/8
  2932 | D:3      | Reached XP level 5. HP: 11/35 MP: 2/9
  3431 | D:3      | Found a shimmering blue altar of Sif Muna.
  3565 | D:3      | Gained mutation: Your touch may inflict minor irresistible
                  | damage on your foes. [demonic ancestry]
  3565 | D:3      | Reached XP level 6. HP: 42/42 MP: 7/10
  3594 | D:3      | Identified a scroll of acquirement
  3594 | D:3      | Acquired the +2 demon trident of Xiqeymof {pain, rN+ Str+2}
  3692 | D:4      | Learned a level 3 spell: Inner Flame
  3771 | D:4      | Found a blossoming altar of Fedhas.
  3801 | D:4      | Reached skill level 1 in Fighting
  4036 | D:4      | Found a stormy altar of Qazlal.
  4135 | D:4      | Found a basalt altar of Yredelemnul.
  4241 | D:4      | Found a shadowy altar of Dithmenos.
  4252 | D:4      | Reached skill level 1 in Polearms
  4479 | D:4      | Noticed an angel
  4531 | D:5      | Entered Level 5 of the Dungeon
  4728 | D:5      | Noticed a water moccasin
  4904 | D:5      | Gained mutation: You regenerate a little health from kills.
                  | [demonic ancestry]
  4904 | D:5      | Reached XP level 7. HP: 48/48 MP: 11/11
  5045 | D:5      | Found an ornate altar of the Wu Jian Council.
  5309 | D:5      | Reached skill level 5 in Polearms
  5624 | D:5      | Reached XP level 8. HP: 13/54 MP: 12/12
  5949 | D:6      | Noticed wormstring's ghost (novice FeSh)
  5949 | D:6      | Found a runed translucent door.
  6014 | D:6      | Noticed Eustachio
  6022 | D:6      | Killed Eustachio
  6114 | D:6      | Noticed Blork the orc
  6127 | D:6      | Killed Blork the orc
  6130 | D:6      | Reached skill level 1 in Hexes
  6458 | D:6      | Reached skill level 1 in Shapeshifting
  6723 | D:6      | Killed wormstring's ghost
  6724 | D:6      | Reached XP level 9. HP: 62/62 MP: 2/15
  7203 | D:7      | Found a staircase to the Ecumenical Temple.
  7215 | Temple   | Entered the Ecumenical Temple
  7228 | Temple   | Became a worshipper of Gozag Ym Sagoz the Greedy
  8399 | D:8      | Reached skill level 5 in Fire Magic
  8655 | D:8      | Found a bloodstained altar of Trog.
  8795 | D:8      | Reached skill level 5 in Conjurations
  8837 | D:8      | Noticed Maurice
  8886 | D:8      | Killed Maurice
  8887 | D:8      | Reached skill level 5 in Spellcasting
  9042 | D:8      | Reached XP level 10. HP: 73/73 MP: 17/17
  9241 | D:8      | Found a burning altar of Makhleb.
  9389 | D:8      | Found a snail-covered altar of Cheibriados.
  9725 | D:9      | Found a staircase to the Orcish Mines.
  9768 | D:9      | Reached skill level 1 in Shields
 10006 | D:9      | Noticed a boulder beetle
 10013 | D:9      | Reached skill level 5 in Fighting
 10037 | D:10     | Entered Level 10 of the Dungeon
 10037 | D:10     | Noticed a two-headed ogre
 10199 | D:10     | Killed a two-headed ogre
 10710 | D:10     | Found a transporter.
 10710 | D:10     | Found a transporter.
 10710 | D:10     | Noticed Ofeo's ghost (journeyman GnSh)
 10901 | D:10     | Found a portal to a secret trove of treasure.
 10983 | D:10     | Noticed an eye of devastation
 11003 | D:10     | Killed an eye of devastation
 11004 | D:10     | Gained mutation: You are partially covered in razor-sharp
                  | scales. (AC +1, Slay +1) [demonic ancestry]
 11004 | D:10     | Reached XP level 11. HP: 74/80 MP: 8/19
 12191 | D:9      | Noticed Harold
 12249 | D:9      | Reached skill level 5 in Stealth
 12278 | D:9      | Killed Harold
 12759 | D:9      | Identified the +1 pair of boots "Ipin" {rElec rPois Will-
                  | Dex-4}
 12898 | D:9      | Killed a boulder beetle
 12899 | D:9      | Reached skill level 5 in Dodging
 13549 | D:11     | Noticed a two-headed ogre
 13559 | D:11     | Killed a two-headed ogre
 14034 | D:11     | Noticed a two-headed ogre
 14279 | D:11     | Killed a two-headed ogre
 14359 | D:11     | Found a staircase to the Lair.
 14371 | D:11     | Learned a level 4 spell: Flame Wave
 14375 | D:11     | Learned a level 3 spell: Mephitic Cloud
 14466 | D:11     | Upgraded the game from 0.31-a0-544-gceb718ecc6 to
                  | 0.31-a0-557-g6e16503903
 14474 | D:11     | Gained mutation: You are mostly covered in razor-sharp
                  | scales. (AC +2, Slay +2) [demonic ancestry]
 14474 | D:11     | Reached XP level 12. HP: 63/89 MP: 17/22
 15326 | D:12     | Noticed a two-headed ogre
 16185 | D:12     | Noticed a seven-headed hydra
 16195 | D:12     | Killed a seven-headed hydra
 16515 | D:12     | Found a transporter.
 16519 | D:12     | Found a transporter.
 16523 | D:12     | Noticed Lait Gas's ghost (journeyman MiFi)
 16951 | D:12     | Learned a level 3 spell: Stone Arrow
 16954 | D:12     | Learned a level 2 spell: Poisonous Vapours
 16963 | D:12     | Killed a two-headed ogre
 17468 | D:13     | Noticed a centaur warrior
 17468 | D:13     | Noticed a two-headed ogre
 17468 | D:13     | Noticed Urug
 17468 | D:13     | Found a gate to the Vaults.
 17491 | Lair:1   | Entered Level 1 of the Lair of Beasts
 17874 | Lair:2   | Reached skill level 5 in Hexes
 18229 | Lair:1   | You fall into a shaft and drop 1 floor!
 18424 | Lair:2   | Found a staircase to the Swamp.
 18424 | Lair:2   | Noticed an eleionoma
 18450 | Lair:2   | Killed an eleionoma
 19354 | Lair:1   | Slain by an elephant

Illustrated notes

Levels and vault maps discovered:
D:1:      dpeg_cavernosity, layout_loops_ring
D:2:      layout_basic
D:3:      layout_loops_corners, nicolae_sif_muna_little_library, uniq_sigmund
D:4:      layout_loops_ring, mainiacjoe_overflow_six_doors_small,
          amcnicky_altar_gilded, mainiacjoe_overflow_paths,
          grunt_temple_overflow_holy_war
D:5:      layout_layer_cave, pdpol_wu_jian_five_deadly_venoms
D:6:      layout_cave_pools, hellmonk_ghost_happy_afterlife, uniq_eustachio,
          uniq_blork_the_orc
D:7:      layout_basic, minmay_temple_entry_tees
D:8:      layout_loops_cross, lemuel_round_altar, nicolae_overflow_squiral,
          uniq_maurice
D:9:      cheibrodos_ideogram_h, layout_basic, orc_0_dummy, skrybe_limestone_x,
          ebering_dispersal_statue_hall, uniq_harold
D:10:     kennysheep_big_flooded_room, layout_loops_ring,
          nicolae_trove_entry_free_sample, gammafunk_ghost_hive
D:11:     layout_loops_ring, minmay_lair_entry_grove, serial_bayou,
          serial_bayou_pond_c, serial_bayou_pond_d, serial_bayou_lake_a,
          serial_bayou_crossing
D:12:     layout_gridville, gammafunk_ghost_stat_death
D:13:     layout_loops_ring, david_vaults_3
Temple:   hc_temple_tempest_star
Lair:1:   layout_chaotic_city, nicolae_lair_grazing_beasts
          [nicolae_sub_lair_graze_edge, nicolae_sub_lair_graze_edge,
          nicolae_sub_lair_graze_edge, nicolae_sub_lair_graze_edge],
          serial_bayou_shore_a
Lair:2:   layout_misc_corridors, alex1729_swamp_entry_worm_eleionoma,
          chequers_serial_rivers_room_b

Skill      XL: |  1  2  3  4  5  6  7  8  9 10 11 12 |
---------------+-------------------------------------+-----
Dodging        | 2 3 4 5 |  5.8
Stealth        | 2 3 4 5 6 |  6.1
Fire Magic     | 3 4 5 6 7 8 |  8.0
Spellcasting   | 3 4 5 6 7 |  7.8
Conjurations   | 2 3 5 6 7 8 |  8.3
Fighting       | 1 2 4 5 6 7 |  7.9
Polearms       | 3 6 7 8 |  8.3
Hexes          | 1 2 3 4 5 |  5.2
Shapeshifting  | 1 2 3 |  3.9
Shields        | 2 3 4 |  4.0

Action                     |  1- 3 |  4- 6 |  7- 9 | 10-12 || total
---------------------------+-------+-------+-------+-------++-------
  Melee: Short sword       |    69 |     3 |       |       ||    72
         Unarmed           |     5 |       |       |       ||     5
         Demon trident     |       |    46 |   203 |   327 ||   576
         Touch             |       |     4 |    26 |    18 ||    48
         Punch             |       |     1 |     2 |     1 ||     4
         Dagger            |       |       |       |   102 ||   102
  Throw: Boomerang         |       |    12 |    14 |       ||    26
         Dart              |       |       |     2 |     1 ||     3
         Throwing net      |       |       |     1 |     6 ||     7
   Cast: Foxfire           |     8 |    15 |    23 |   208 ||   254
         Scorch            |    29 |    11 |    61 |   256 ||   357
         Inner Flame       |       |       |       |     3 ||     3
         Stone Arrow       |       |       |       |     5 ||     5
         Mephitic Cloud    |       |       |       |     3 ||     3
         Flame Wave        |       |       |       |     2 ||     2
         Poisonous Vapours |       |       |       |     1 ||     1
 Invoke: Potion Petition   |       |       |       |     3 ||     3
  Evoke: Wand              |       |       |       |    12 ||    12
    Use: Potion            |     1 |     1 |     7 |     6 ||    15
         Scroll            |     2 |     8 |     6 |    13 ||    29
   Stab: Sleeping          |    11 |     6 |     4 |     7 ||    28
         Paralysed         |     7 |     1 |    16 |    80 ||   104
         Distracted        |       |       |     1 |     5 ||     6
         Held in net/web   |       |       |       |     7 ||     7
 Armour: Robe              |    11 |    11 |     3 |       ||    25
         Leather armour    |       |       |    26 |    77 ||   103
  Dodge: Dodged            |    36 |    30 |    86 |   256 ||   408
  Block: Buckler           |       |       |       |    75 ||    75

Table legend: (Time is in decaauts)
 A = Elapsed time spent in this place.
 B = Non-inter-level travel time spent in this place.
 C = Inter-level travel time spent in this place.
 D = Time resting spent in this place.
 E = Time spent auto-exploring this place.
 F = Levels seen in this place.
 G = Mean time per level.
                   A        B        C        D        E       F      G
               +--------+--------+--------+--------+--------+-----+--------+
         Total |  19456 |  18793 |    663 |   5868 |   9623 |  16 | 1216.0 |
       Dungeon |  17556 |  16921 |    635 |   5271 |   8746 |  13 | 1350.5 |
        Temple |     27 |     15 |     12 |      0 |      0 |   1 |   27.0 |
          Lair |   1872 |   1857 |     15 |    597 |    877 |   2 |  936.0 |
               +--------+--------+--------+--------+--------+-----+--------+

Top non-repeatable levels by time:
     D:9: 2477 daAuts
    D:11: 2406 daAuts
    D:12: 1784 daAuts
     D:7: 1432 daAuts
     D:5: 1426 daAuts
     D:8: 1420 daAuts
  Lair:2: 1417 daAuts
     D:1: 1397 daAuts
     D:3: 1369 daAuts
    D:10: 1190 daAuts
     D:2: 917 daAuts
     D:6: 879 daAuts
     D:4: 853 daAuts
  Lair:1: 455 daAuts
  Temple: 27 daAuts
